 Dungeon Crawl Stone Soup version 0.24.0-13-gcf9b319 (webtiles) character file.

Game seed: 5019230274935332460, levelgen mode: deterministic

578 Baelor the Grave Robber (level 7, 0/48 HPs)
             Began as a Vampire Necromancer on Dec 11, 2019.
             Slain by a gnoll
             ... wielding a +0 flail
              (1 damage)
             ... on level 4 of the Dungeon.
             The game lasted 00:58:31 (3838 turns).

Baelor the Grave Robber (Vampire Necromancer)       Turns: 3838, Time: 00:58:32

Health: 0/48       AC:  4    Str:  7    XL:     7   Next: 13%
Magic:  3/12       EV: 13    Int: 19    God:
Gold:   179        SH:  0    Dex: 15    Spells: 4/13 levels left

rFire    . . .     SeeInvis +   o - +0 hand axe (chop)
rCold    . . .     Gourm    .   (no shield)
rNeg     . . .     Faith    .   a - +2 robe
rPois    +         Spirit   .   (no helmet)
rElec    .         Reflect  .   (no cloak)
rCorr    .         Harm     .   (no gloves)
MR       .....                  (no boots)
Stlth    +++.......             (no amulet)
HPRegen  0.36/turn              j - ring of poison resistance
MPRegen  0.13/turn              (no ring)

@: about to teleport, regenerating quickly
A: no food, fangs 3, see invisible, unbreathing
a: Exsanguinate


You were on level 4 of the Dungeon.
You were alive.

You visited 1 branch of the dungeon, and saw 4 of its levels.

You collected 179 gold pieces.

Inventory:

Hand Weapons
 b - a +0 hunting sling
 e - a +0 club
 f - a +0 dagger
 g - a +0 dagger
 h - a +0 hunting sling
 i - a +0 short sword
 k - a +0 hunting sling
 o - a +0 hand axe of chopping (weapon)
 q - a +0 hunting sling
 v - a +0 short sword
 x - a +0 trident
 y - a +0 mace
 E - a +0 trident
 G - a +0 whip
 H - a +0 hand axe
 I - a +0 mace
 J - a +0 short sword
 M - a +0 giant spiked club
 Q - a +0 giant club
Missiles
 l - 115 stones
 s - 41 arrows
 t - 40 sling bullets
 A - 4 boomerangs (quivered)
 D - 19 poisoned darts
Armour
 a - a +2 robe (worn)
 c - a +0 robe
 K - a +0 leather armour
 L - a +0 leather armour of poison resistance
Jewellery
 j - a ring of poison resistance (left hand)
Wands
 B - a wand of polymorph (7)
 C - a wand of digging (7)
 F - a wand of random effects (17)
Scrolls
 m - 2 scrolls of amnesia
 n - a scroll of teleportation
 p - a scroll of remove curse
 r - a scroll of enchant weapon
 w - a scroll of random uselessness
 z - a scroll of magic mapping {unknown}
 N - a scroll of identify
Potions
 d - a potion of haste {unknown}
 u - a potion of degeneration {unknown}
 O - a potion of might {unknown}
 P - a potion of agility {unknown}


   Skills:
 - Level 1.3 Fighting
 - Level 0.6 Short Blades
 - Level 2.0 Axes
 + Level 1.6 Throwing
 + Level 3.2 Dodging
 + Level 5.1 Stealth
 + Level 3.8 Spellcasting
 + Level 6.2 Necromancy


You had 4 spell levels left.
You knew the following spells:

 Your Spells              Type           Power        Failure   Level  Hunger
a - Pain                  Necr           ####         1%          1    N/A
b - Animate Skeleton      Necr           N/A          1%          1    N/A
c - Vampiric Draining     Necr           ####......   3%          3    N/A
d - Animate Dead          Necr           N/A          11%         4    N/A

Your spell library contained the following spells:

 Spells                   Type           Power        Failure   Level  Hunger
 Regeneration             Chrm/Necr      ###.......   12%         3    N/A

Dungeon Overview and Level Annotations

Branches:
Dungeon (4/15)
 Temple: D:4-7

Altars:
Dithmenos

Annotations:
D:4 1 transporter, 1stcast's ghost, amateur HOFi


Innate Abilities, Weirdness & Mutations

You do not eat.
Your natural rate of healing is unusually fast.
You have razor-sharp teeth.
You have supernaturally acute eyesight. (SInv)
You can survive without breathing.


Message History

You barely miss the gnoll.
The gnoll hits you with a +0 spear of electrocution.
You are electrocuted!
* * * LOW HITPOINT WARNING * * *
The gnoll closely misses you.
The gnoll zaps a wand.
You easily resist.
The gnoll misses you.
Aiming: Dig
Press: ? - help, Shift-Dir - straight line, f - you Please select a direction to dig.
Okay, then.
As you read the scroll of teleportation, it crumbles to dust.
You feel strangely unstable.
The gnoll hits you with a +0 spear of electrocution.
* * * LOW HITPOINT WARNING * * *
The gnoll closely misses you. The gnoll hits you with a +0 club!
* * * LOW HITPOINT WARNING * * *
You hit the gnoll but do no damage. You closely miss the gnoll.
You hit the gnoll but do no damage. You hit the gnoll.
The gnoll hits you with a +0 flail.
You die...

..............................#..
###.≈≈≈≈≈≈≈≈≈≈≈...≈≈≈≈≈≈≈≈≈≈≈.#..
....≈≈≈≈≈≈≈≈≈≈≈...≈≈≈≈≈≈≈≈≈≈≈.#..
##..≈≈#####...........#####≈≈....
#..≈≈#g..#.###.©.###.#...#≈≈....
##.≈≈#...###©#####.###...#≈≈..##
#.≈≈###.W.......g.....###≈≈..#
##.≈≈.8#.######g######.#8.≈≈..#
##..≈≈.##.#W..#8@g#.⌠.#.##.≈≈..#
#...≈≈.#gg'..:#⌠gg....'..#.≈≈..#
#...≈≈.##.#$.=#8g.#.⌠.#.##.≈≈..#
#...≈≈.8#.######g######.#8.≈≈..#
#...≈≈###...............###≈≈.##
#...≈≈#...###.#####.###...#≈≈.##
#...≈≈#$..#.###.©.###.#...#≈≈..#
+...≈≈#####...........#####≈≈..#
#...≈≈≈≈≈≈≈≈≈≈≈≈≈≈≈≈≈≈≈≈≈≈≈≈≈..#


You could see 6 gnolls.

Vanquished Creatures
  A water moccasin (D:4)
  2 ogres (D:4)
  A scorpion (D:4)
  An orc priest (D:4)
  A gnoll shaman (D:4)
  2 hounds (D:4)
  A worker ant (D:4)
  5 adders
  An ooze (D:3)
  6 orcs
  5 ball pythons
  4 giant cockroaches
  6 goblins
  8 hobgoblins
  2 jackals (D:1)
  A quokka (D:4)
  8 bats
  3 frilled lizards
  4 kobolds
  12 rats
74 creatures vanquished.

Vanquished Creatures (collateral kills)
  A bat (D:1)
  A goblin (D:3)
2 creatures vanquished.

Vanquished Creatures (others)
  6 plants (D:4)
6 creatures vanquished.

Grand Total: 82 creatures vanquished

Notes
Turn   | Place    | Note
-------+----------+-------------------------------------------
     0 | D:1      | Baelor the Vampire Necromancer began the quest for the Orb.
     0 | D:1      | Reached XP level 1. HP: 13/13 MP: 3/3
   134 | D:1      | Learned a level 1 spell: Animate Skeleton
   283 | D:1      | Reached XP level 2. HP: 19/19 MP: 5/5
   585 | D:1      | Reached skill level 5 in Necromancy
  1276 | D:2      | Reached XP level 3. HP: 11/24 MP: 6/6
  1389 | D:2      | Learned a level 3 spell: Vampiric Draining
  2327 | D:3      | Reached XP level 4. HP: 22/30 MP: 3/7
  2510 | D:4      | Reached skill level 1 in Axes
  2632 | D:4      | Noticed an ogre
  2635 | D:4      | Found a transporter.
  2636 | D:4      | Found a transporter.
  2670 | D:4      | Noticed 1stcast's ghost (amateur HOFi)
  2703 | D:4      | Identified the cursed +1 halberd of the Eight Queens
                  | {venom, *Noise rC+ Dex+5 SInv}
  2820 | D:4      | Noticed an ogre
  2835 | D:4      | Killed an ogre
  2835 | D:4      | Reached skill level 1 in Fighting
  2835 | D:4      | Reached skill level 1 in Throwing
  2835 | D:4      | Reached XP level 5. HP: 20/29 MP: 1/9
  2854 | D:4      | Found a shadowy altar of Dithmenos.
  2921 | D:4      | HP: 1/29 [scorpion (4)]
  3021 | D:4      | HP: 1/29 [worker ant (8)]
  3022 | D:4      | Reached XP level 6. HP: 1/34 MP: 3/10
  3158 | D:4      | Learned a level 4 spell: Animate Dead
  3534 | D:4      | Noticed a water moccasin
  3534 | D:4      | an ogre changed into a water moccasin
  3542 | D:4      | Killed a water moccasin
  3542 | D:4      | Reached skill level 5 in Stealth
  3542 | D:4      | Reached skill level 6 in Necromancy
  3542 | D:4      | Reached XP level 7. HP: 3/48 MP: 5/12
  3837 | D:4      | HP: 1/48 [gnoll/+0 club (7)]
  3838 | D:4      | Slain by a gnoll

Levels and vault maps discovered:
D:1:      ncdulo_lavacross, layout_loops_ring
D:2:      layout_loops_ring
D:3:      layout_basic
D:4:      layout_basic, grunt_dithmenos_smoke_and_mirrors,
          gammafunk_ghost_gnarly_gnolls, minivault_14

Skill      XL: |  1  2  3  4  5  6 |
---------------+-------------------+-----
Necromancy     | 5 6 |  6.2
Stealth        | 4 5 |  5.1
Axes           | 1 2 |  2.0
Fighting       | 1 |  1.3
Throwing       | 1 |  1.6
Spellcasting   | 3 |  3.8
Dodging        | 3 |  3.2
Short Blades   | |  0.6

Action                   |  1- 3 |  4- 6 |  7- 9 || total
-------------------------+-------+-------+-------++-------
Melee: Unarmed           |    11 |     9 |       ||    20
       Dagger            |    76 |       |       ||    76
       Bite              |     5 |     6 |     2 ||    13
       Hand axe          |    49 |    91 |     7 ||   147
Throw: Boomerang         |    21 |    13 |       ||    34
 Cast: Pain              |    14 |       |     3 ||    17
       Animate Skeleton  |     6 |     3 |       ||     9
       Vampiric Draining |     2 |    14 |     2 ||    18
       Animate Dead      |       |     1 |     1 ||     2
 Abil: Exsanguinate      |       |     2 |       ||     2
       Revivify          |       |     2 |       ||     2
       End Transformatio |       |     1 |       ||     1
       Bat Form          |       |     1 |       ||     1
Evoke: Wand              |       |     2 |       ||     2
  Use: Scroll            |     6 |     4 |     1 ||    11
 Stab: Sleeping          |    11 |     2 |       ||    13
       Distracted        |     1 |       |       ||     1
Armor: Robe              |    32 |    19 |     5 ||    56
Dodge: Dodged            |   100 |    64 |    19 ||   183
